 Dungeon Crawl Stone Soup version 0.30.0-5-g1a98f26d00 (webtiles) character file.

Game seed: 2440406777555599870

21 trckry the Covered (level 2, -2/21 HPs)
             Began as a Demonspawn Wanderer on May 13, 2023.
             Slain by a kobold
             ... wielding a +0 short sword
              (4 damage)
             ... on level 2 of the Dungeon.
             The game lasted 00:02:57 (619 turns).

trckry the Covered (Demonspawn Wanderer)             Turns: 619, Time: 00:02:58

Health: -2/21      AC:  5    Str: 12    XL:     2   Next: 62%
Magic:  6/6        EV: 10    Int: 14    God:
Gold:   47         SH:  0    Dex: 11    Spells: 6/7 levels left

rFire   . . .        a - +2 sling
rCold   . . .        (no shield)
rNeg    . . .        b - +0 ring mail
rPois   .            (helmet restricted)
rElec   .            (no cloak)
rCorr   .            (no gloves)
SInv    .            (no boots)
Will    .....        (no amulet)
Stlth   +            (no ring)
HPRegen 0.23/turn    (no ring)
MPRegen 0.10/turn

%: no passive effects
@: slowed, very slow
A: horns 1
a: no special abilities


You were on level 2 of the Dungeon.
You visited 1 branch of the dungeon, and saw 2 of its levels.

You collected 47 gold pieces.

Inventory:

Hand Weapons
 a - a +2 sling (weapon)
Armour
 b - a +0 ring mail (worn)
 g - a +0 plate armour
Scrolls
 e - a scroll of vulnerability {unknown}
 f - a scroll of teleportation {unknown}
Potions
 c - a potion of curing
 d - a potion of might {unknown}
 h - a potion of invisibility {unknown}


   Skills:
 + Level 1.2 Fighting
 - Level 1.7 Ranged Weapons
 + Level 3.1 Armour
 - Level 1.0 Dodging
 * Level 0.8 Unarmed Combat
 - Level 3.0 Spellcasting
 - Level 1.0 Fire Magic


You had 6 spell levels left.
You knew the following spells:

 Your Spells              Type           Power      Damage    Failure   Level
a - Foxfire               Conj/Fire      12%        2x1d4     36%         1

Your spell library contained the following spells:

 Spells                   Type           Power      Damage    Failure   Level
 Inner Flame              Hex/Fire       3%         N/A       73%         3


Dungeon Overview and Level Annotations

Branches:
Dungeon (2/15) Zot: 11350

Altars:

Annotations:
D:2 Natasha


Innate Abilities, Weirdness & Mutations

You have a pair of small horns on your head.


Message History

Aim: Natasha (moderately wounded, 45% to hit)
You shoot a sling bullet. The sling bullet hits Natasha.
Natasha is heavily wounded.
Natasha misses you. Natasha barely misses you. x2
Fire: a) +2 sling
Press: ? - help, Shift-Dir - straight line, f/p - Natasha
Aim: Natasha (heavily wounded, 45% to hit)
You shoot a sling bullet. The sling bullet barely misses Natasha.
You hear a shout!
Natasha barely misses you.
A kobold comes into view. It is wielding a +0 short sword.
Natasha misses you.
Fire: a) +2 sling
Press: ? - help, Shift-Dir - straight line, f/p - Natasha
Aim: Natasha (heavily wounded, 45% to hit)
You shoot a sling bullet.
The sling bullet hits Natasha but does no damage.
Natasha is heavily wounded.
Natasha claws you. x2; The kobold hits you but does no damage.
You take 4 damage, and have 10/21 hp.
Fire: a) +2 sling
Press: ? - help, Shift-Dir - straight line, f/p - Natasha
Aim: Natasha (heavily wounded, 45% to hit)
You shoot a sling bullet. The sling bullet barely misses Natasha.
Natasha claws you but does no damage.
The kobold hits you but does no damage. x2
Natasha wildly gestures.
Natasha glows brightly for a moment.
Natasha closely misses you. Natasha attacks as you move away!
Natasha claws you.
Natasha stares at you and mumbles some strange words.
The magic dart hits you.
* * * LOW HITPOINT WARNING * * *
The kobold hits you with a +0 short sword.
* * * LOW HITPOINT WARNING * * *
The kobold barely misses you.
Natasha casts a spell.
You take 8 damage, and have 2/21 hp.
MASSIVE DAMAGE!!
Natasha casts a spell.
The kobold hits you with a +0 short sword.
You die...

### #.#
#<####.#
#......#
######.#
#..<...#
#.###@.# #
#K.#
#.h#####.#
#....5...#
#.#######..
#.. #.. #..
#..#


You could see Natasha and a kobold.

Vanquished Creatures
  A worm (D:1)
  A dart slug (D:1)
  4 ball pythons
  A bat (D:1)
  An endoplasm (D:1)
  A giant cockroach (D:1)
  A goblin (D:1)
  A kobold (D:1)
  A quokka (D:1)
  4 rats (D:1)
16 creatures vanquished.

Vanquished Creatures (others)
  5 foxfires (D:1)
5 creatures vanquished.

Grand Total: 21 creatures vanquished

Notes
Turn   | Place    | Note
-------+----------+-------------------------------------------
     0 | D:1      | trckry the Demonspawn Wanderer began the quest for the Orb.
     0 | D:1      | trckry set off with the following items: a +2 sling, a +0
                  | ring mail, a potion of curing; and the following spell
                  | memorised: Foxfire; and the following spells available to
                  | memorise: Inner Flame.
     0 | D:1      | Reached XP level 1. HP: 13/13 MP: 4/4
    83 | D:1      | Reached skill level 1 in Fighting
    83 | D:1      | Discovered your monstrous ancestry.
    83 | D:1      | Gained mutation: You have a pair of small horns on your
                  | head. [demonic ancestry]
    83 | D:1      | Reached XP level 2. HP: 18/21 MP: 0/6
   606 | D:2      | Noticed Natasha
   617 | D:2      | HP: 2/21 [kobold/+0 short sword (2)]
   619 | D:2      | Slain by a kobold

Illustrated notes

Levels and vault maps discovered:
D:1:      spicycebolla_arrival_transporter_tutorial, layout_rooms,
          skrybe_limestone_x, chequers_serial_rivers_room_b, nicolae_wormholes
D:2:      wad_crossroads, layout_basic, minmay_tetromino_i2, uniq_natasha

Skill      XL: |  1 |
---------------+----+-----
Fighting       | 1 |  1.2
Armour         | 3 |  3.1
Ranged Weapons | |  1.7
Dodging        | |  1.0
Unarmed Combat | |  0.8
Spellcasting   | |  3.0
Fire Magic     | |  1.0

Action                     || total
---------------------------++-------
   Fire: Sling             ||    52
   Cast: Foxfire           ||     3
 Armour: Ring mail         ||     5
  Dodge: Dodged            ||    11
